[Event "3rd Memorial Warakomska 2019"]
[Site "Suwalki"]
[Date "2019.08.10"]
[Round "7.30"]
[White "Luba, Lukasz"]
[Black "Wiewiora, Eneasz"]
[Result "1-0"]
[ECO "A45"]
[WhiteElo "2177"]
[BlackElo "2344"]
[Annotator "NA"]
[PlyCount "105"]
[EventDate "2019.08.05"]
[EventType "swiss"]
[EventCountry "POL"]
[SourceTitle "playchess.com"]
[Source "ChessBase"]
[SourceQuality "1"]
[TimeControl "40/5400+30:1800+30"]

1. d4 Nf6 2. Nd2 g6 3. e4 d6 4. Be2 Bg7 5. h4 h5 6. Ngf3 O-O 7. Ng5 e5 8. d5 c6 9. c4 Na6 10. Nf1 cxd5 11. cxd5 Nc5 12. Ng3 Bd7 13. b4 Na4 14. Qb3 Rc8 15. Bd2 Qe7 16. O-O Rc7 17. Rfc1 Rfc8 18. Rxc7 Rxc7 19. Rc1 Qd8 20. Ne6 Rxc1+ 21. Bxc1 Qc8 22. Bg5 fxe6 23. dxe6 Be8 24. Bxf6 Bxf6 25. Bxh5 gxh5 26. Nf5 Qc3 27. Qd5 Qc6 28. Qd3 Bg6 29. e7 Bxf5 30. Qd5+ Qxd5 31. e8=Q+ Kg7 32. exd5 Nb6 33. Qxh5 Bd7 34. g4 Nxd5 35. g5 Be7 36. Qh6+ Kg8 37. Qg6+ Kf8 38. Qh7 Be6 39. Qh6+ Kf7 40. g6+ Ke8 41. g7 Nf6 42. Qg6+ Kd7 43. h5 d5 44. h6 Bg8 45. Qf5+ Kd6 46. Qc8 Bf7 47. Qxb7 d4 48. Qxa7 Ke6 49. Qa6+ Bd6 50. Qd3 Bg8 51. h7 Bxh7 52. Qxh7 Nxh7 53. g8=Q+ 1-0

[Event "3rd Memorial Warakomska 2019"]
[Site "Suwalki"]
[Date "2019.08.10"]
[Round "7.31"]
[White "Paszewski, Mateusz"]
[Black "Antolak, Julia"]
[Result "1/2-1/2"]
[ECO "A01"]
[WhiteElo "2324"]
[BlackElo "2258"]
[Annotator "NA"]
[PlyCount "59"]
[EventDate "2019.08.05"]
[EventType "swiss"]
[EventCountry "POL"]
[SourceTitle "playchess.com"]
[Source "ChessBase"]
[SourceQuality "1"]
[TimeControl "40/5400+30:1800+30"]

1. b3 Nf6 2. Bb2 g6 3. Nf3 Bg7 4. c4 c5 5. g3 Nc6 6. Bg2 O-O 7. O-O d6 8. d4 cxd4 9. Nxd4 Bd7 10. Nc3 Nxd4 11. Qxd4 Bc6 12. Qd2 Nd7 13. h4 h5 14. Rfe1 a5 15. Rad1 Nc5 16. e4 Rb8 17. Kh1 Qd7 18. Kh2 b5 19. cxb5 Bxb5 20. Nxb5 Bxb2 21. Bf1 Bg7 22. Qxa5 Ra8 23. Qb4 Qg4 24. Rd2 Be5 25. Kg1 Ne6 26. Be2 Qh3 27. Bf1 Qg4 28. Be2 Qh3 29. Bf1 Qg4 30. Be2 1/2-1/2

[Event "3rd Memorial Warakomska 2019"]
[Site "Suwalki"]
[Date "2019.08.10"]
[Round "7.32"]
[White "Fiedorek, Michal"]
[Black "Bukojemski, Adam"]
[Result "1/2-1/2"]
[ECO "C64"]
[WhiteElo "2241"]
[BlackElo "2225"]
[Annotator "NA"]
[PlyCount "94"]
[EventDate "2019.08.05"]
[EventType "swiss"]
[EventCountry "POL"]
[SourceTitle "playchess.com"]
[Source "ChessBase"]
[SourceQuality "1"]
[TimeControl "40/5400+30:1800+30"]

1. e4 e5 2. Nf3 Nc6 3. Bb5 Bc5 4. c3 f5 5. Qe2 fxe4 6. Bxc6 dxc6 7. Qxe4 Nf6 8. Qxe5+ Be7 9. O-O O-O 10. d4 Bg4 11. Nbd2 Bd6 12. Qe3 Bh5 13. Nc4 Nd5 14. Qe6+ Bf7 15. Qe2 Bh5 16. Qe6+ Bf7 17. Qh3 Nxc3 18. Ng5 Ne2+ 19. Kh1 h6 20. Nxf7 Rxf7 21. Bxh6 gxh6 22. Qg4+ Qg5 23. Qxe2 Kh8 24. Nxd6 cxd6 25. Qe3 Re7 26. Qf3 Rae8 27. Rad1 d5 28. Qb3 Qg4 29. h3 Qf4 30. a4 Rg7 31. Qc2 Reg8 32. f3 Rg3 33. Qe2 Qh4 34. Rf2 R8g7 35. b3 Re7 36. Qd2 Rg6 37. Re2 Rge6 38. Rxe6 Rxe6 39. Kh2 Qe7 40. a5 a6 41. Qf4 Kg7 42. Rd3 Re1 43. Qg4+ Qg5 44. Qd7+ Re7 45. Qd6 Re2 46. Qc7+ Kg6 47. Qd6+ Kf7 1/2-1/2

[Event "3rd Memorial Warakomska 2019"]
[Site "Suwalki"]
[Date "2019.08.10"]
[Round "7.33"]
[White "Zakrzewski, Marek"]
[Black "Sowul, Bartosz"]
[Result "1-0"]
[ECO "B38"]
[WhiteElo "2311"]
[BlackElo "2210"]
[Annotator "NA"]
[PlyCount "97"]
[EventDate "2019.08.05"]
[EventType "swiss"]
[EventCountry "POL"]
[SourceTitle "playchess.com"]
[Source "ChessBase"]
[SourceQuality "1"]
[TimeControl "40/5400+30:1800+30"]

1. e4 c5 2. Nf3 g6 3. d4 cxd4 4. Nxd4 Nc6 5. c4 Bg7 6. Be3 Nf6 7. Nc3 O-O 8. Be2 d6 9. f3 Bd7 10. Nc2 Rc8 11. Qd2 Ne5 12. Na3 a6 13. O-O Re8 14. Nd5 Be6 15. Rac1 Ned7 16. Nc2 Nc5 17. b4 Na4 18. Nd4 Bd7 19. Rfd1 Nh5 20. Bg5 Bc6 21. g4 Bxd5 22. cxd5 Rxc1 23. Rxc1 Qb6 24. Be3 Nf4 25. Bf1 g5 26. Ne6 fxe6 27. Bxb6 Nxb6 28. Rc7 exd5 29. exd5 Nbxd5 30. Bc4 e6 31. Rxb7 Rc8 32. Bxd5 exd5 33. Kf1 Be5 34. a4 Rc3 35. Qd1 d4 36. b5 axb5 37. axb5 Nd5 38. Qa1 Ne3+ 39. Kg1 Rc8 40. Qa2+ d5 41. Qa1 Bh8 42. Qb1 Rc2 43. Rb8+ Kf7 44. Rxh8 d3 45. Qa1 d2 46. Rxh7+ Ke6 47. Rh6+ Kf7 48. Qf6+ Ke8 49. Rh8+ 1-0

[Event "3rd Memorial Warakomska 2019"]
[Site "Suwalki"]
[Date "2019.08.10"]
[Round "7.35"]
[White "Kubicka, Anna"]
[Black "Kukula, Pawel"]
[Result "1/2-1/2"]
[ECO "C96"]
[WhiteElo "2202"]
[BlackElo "2209"]
[Annotator "NA"]
[PlyCount "130"]
[EventDate "2019.08.05"]
[EventType "swiss"]
[EventCountry "POL"]
[SourceTitle "playchess.com"]
[Source "ChessBase"]
[SourceQuality "1"]
[TimeControl "40/5400+30:1800+30"]

1. e4 e5 2. Nf3 Nc6 3. Bb5 a6 4. Ba4 Nf6 5. O-O Be7 6. Re1 b5 7. Bb3 d6 8. c3 O-O 9. h3 Na5 10. Bc2 c5 11. d4 Nd7 12. Nbd2 exd4 13. cxd4 Nc6 14. Nf1 cxd4 15. Nxd4 Nxd4 16. Qxd4 Ne5 17. Qd1 Ng6 18. Ne3 Be6 19. Bb3 Bf6 20. Bxe6 fxe6 21. Ng4 Ne5 22. Be3 Nxg4 23. Qxg4 Qe7 24. Qe2 Rac8 25. Rac1 Qd7 26. b3 Rxc1 27. Rxc1 Rc8 28. Rd1 d5 29. exd5 exd5 30. Bd4 Bxd4 31. Rxd4 h6 32. Qf3 Rd8 33. Qd3 Qd6 34. g3 Qe6 35. Kg2 Qc6 36. Qf5 Qd7 37. Qg6 Qd6 38. Qc2 Qe5 39. Qd2 Qf6 40. Qe3 Qc6 41. Qf3 Qc5 42. Qd3 Qc6 43. a4 Rf8 44. h4 Rf7 45. Qe3 Rf8 46. Qe5 Rd8 47. h5 Qd6 48. Qf5 Qd7 49. Qg6 Rf8 50. Qg4 Qd6 51. Qe2 Qc6 52. Qe5 Rd8 53. Qf5 Qd7 54. Qf4 Rf8 55. Qe5 Rf5 56. Qe2 Rf8 57. Qg4 Qd6 58. Rd3 Qc6 59. Qd4 Rd8 60. Re3 Qd7 61. Re5 Qd6 62. Rf5 Qe6 63. Re5 Qd6 64. Re3 Qd7 65. Re5 Qd6 1/2-1/2

[Event "3rd Memorial Warakomska 2019"]
[Site "Suwalki"]
[Date "2019.08.10"]
[Round "7.36"]
[White "Czopor, Maciej"]
[Black "Jankowiak, Tomasz"]
[Result "0-1"]
[ECO "C70"]
[WhiteElo "2250"]
[BlackElo "2104"]
[Annotator "NA"]
[PlyCount "76"]
[EventDate "2019.08.05"]
[EventType "swiss"]
[EventCountry "POL"]
[SourceTitle "playchess.com"]
[Source "ChessBase"]
[SourceQuality "1"]
[TimeControl "40/5400+30:1800+30"]

1. e4 e5 2. Nf3 Nc6 3. Bb5 a6 4. Ba4 f5 5. d3 fxe4 6. dxe4 Nf6 7. O-O Bc5 8. Bb3 d6 9. Nc3 Na5 10. Qd3 Nxb3 11. axb3 Be6 12. Ng5 Bg8 13. Be3 Bxe3 14. Qxe3 h6 15. Nh3 g5 16. f3 Qd7 17. Nf2 Be6 18. Ne2 Nh5 19. Nd3 Nf4 20. Ndxf4 gxf4 21. Qc3 O-O-O 22. Rf2 h5 23. Kf1 h4 24. h3 Rhg8 25. Ng1 Qb5+ 26. Ke1 Rg3 27. Qa5 Qd7 28. Rd1 Qc6 29. c4 Rdg8 30. Rdd2 b5 31. Rc2 bxc4 32. bxc4 Qb6 33. Qc3 Qe3+ 34. Qxe3 fxe3 35. Rfe2 Bxh3 36. Nxh3 Rxh3 37. Rxe3 Rh1+ 38. Kf2 h3 0-1

[Event "3rd Memorial Warakomska 2019"]
[Site "Suwalki"]
[Date "2019.08.10"]
[Round "7.37"]
[White "Maj, Pawel"]
[Black "Selbes, Tarik"]
[Result "1/2-1/2"]
[ECO "A15"]
[WhiteElo "2127"]
[BlackElo "2342"]
[Annotator "NA"]
[PlyCount "67"]
[EventDate "2019.08.05"]
[EventType "swiss"]
[EventCountry "POL"]
[SourceTitle "playchess.com"]
[Source "ChessBase"]
[SourceQuality "1"]
[TimeControl "40/5400+30:1800+30"]

1. c4 Nf6 2. g3 e6 3. Bg2 d5 4. Nf3 Be7 5. b3 O-O 6. O-O c5 7. cxd5 Nxd5 8. Bb2 Nc6 9. d4 cxd4 10. Nxd4 Bf6 11. Nxc6 bxc6 12. Bxf6 Qxf6 13. Nd2 Ba6 14. Nc4 Rfd8 15. Qc2 Rac8 16. Rac1 c5 17. a3 g6 18. Rfd1 Bxc4 19. Qxc4 Qb2 20. Rc2 Qxa3 21. Bxd5 exd5 22. Rxd5 Rxd5 23. Qxd5 h5 24. Kg2 Qb4 25. e4 a5 26. Rc4 Qb6 27. Rc3 Rc7 28. Rd3 Re7 29. Qd8+ Qxd8 30. Rxd8+ Kg7 31. Ra8 Rxe4 32. Rxa5 Rb4 33. Rxc5 Rxb3 34. h4 1/2-1/2

[Event "3rd Memorial Warakomska 2019"]
[Site "Suwalki"]
[Date "2019.08.10"]
[Round "7.38"]
[White "Advait, Bagri"]
[Black "Chan, Kim Yew"]
[Result "1-0"]
[ECO "B31"]
[WhiteElo "1968"]
[BlackElo "2276"]
[Annotator "NA"]
[PlyCount "59"]
[EventDate "2019.08.05"]
[EventType "swiss"]
[EventCountry "POL"]
[SourceTitle "playchess.com"]
[Source "ChessBase"]
[SourceQuality "1"]
[TimeControl "40/5400+30:1800+30"]

1. e4 c5 2. Nf3 Nc6 3. Bb5 g6 4. O-O Bg7 5. Re1 Nf6 6. e5 Nd5 7. Nc3 Nc7 8. Bxc6 dxc6 9. Ne4 b6 10. Nf6+ Kf8 11. Ne4 Bg4 12. d3 h6 13. Ng3 Qd5 14. Re4 h5 15. c4 Qd7 16. h3 Bxf3 17. Qxf3 Ne6 18. Be3 h4 19. Ne2 Qxd3 20. Nf4 Nxf4 21. Rxf4 Kg8 22. Rxf7 Qxc4 23. Rxe7 Rf8 24. Qxc6 Kh7 25. Qb7 Rhg8 26. Rd1 Kh8 27. Rdd7 Rxf2 28. Rxg7 Rxg7 29. Rxg7 Qe4 30. Rh7+ 1-0

[Event "3rd Memorial Warakomska 2019"]
[Site "Suwalki"]
[Date "2019.08.10"]
[Round "7.39"]
[White "Szostko, Jakub"]
[Black "Korbal, Arkadiusz"]
[Result "0-1"]
[ECO "B30"]
[WhiteElo "2245"]
[BlackElo "2178"]
[Annotator "NA"]
[PlyCount "106"]
[EventDate "2019.08.05"]
[EventType "swiss"]
[EventCountry "POL"]
[SourceTitle "playchess.com"]
[Source "ChessBase"]
[SourceQuality "1"]
[TimeControl "40/5400+30:1800+30"]

1. e4 c5 2. Nf3 Nc6 3. Bb5 e6 4. O-O Nge7 5. d4 cxd4 6. Nxd4 Nxd4 7. Qxd4 a6 8. Be2 Nc6 9. Qc3 Qf6 10. Qxf6 gxf6 11. c4 Nd4 12. Bd3 Rg8 13. Be3 Bc5 14. Kh1 d6 15. Nc3 Bd7 16. Rfd1 Bc6 17. Bb1 e5 18. Nd5 Bxd5 19. exd5 h5 20. Bd3 Ke7 21. h4 f5 22. Bxd4 Bxd4 23. Rd2 Kf6 24. Rf1 Bc5 25. Be2 e4 26. Rc2 f4 27. Bd1 Ke5 28. Kh2 Rg7 29. Rc3 Bd4 30. Rb3 f5 31. Kh3 Rag8 32. g3 f3 33. Bxf3 Bxf2 34. Rxf2 Rxg3+ 35. Kh2 Rxf3 36. Rbxf3 exf3 37. Rxf3 Rg4 38. Re3+ Re4 39. Rb3 Rxh4+ 40. Kg3 Rg4+ 41. Kf3 Rxc4 42. Rxb7 Rc2 43. Rb6 h4 44. Rxa6 Rxb2 45. Ra8 h3 46. Re8+ Kxd5 47. Kf4 h2 48. Rh8 Rf2+ 49. Kg5 Ke4 50. Rh3 Rxa2 51. Rh4+ Kf3 52. Kxf5 Kg2 53. Rg4+ Kf2 0-1

[Event "3rd Memorial Warakomska 2019"]
[Site "Suwalki"]
[Date "2019.08.10"]
[Round "7.40"]
[White "Mulet, Piotr"]
[Black "Dmochowska, Agnieszka"]
[Result "1-0"]
[ECO "A13"]
[WhiteElo "2244"]
[BlackElo "2126"]
[Annotator "NA"]
[PlyCount "59"]
[EventDate "2019.08.05"]
[EventType "swiss"]
[EventCountry "POL"]
[SourceTitle "playchess.com"]
[Source "ChessBase"]
[SourceQuality "1"]
[TimeControl "40/5400+30:1800+30"]

1. c4 e6 2. Nf3 Nf6 3. e3 d5 4. Nc3 Be7 5. d4 O-O 6. Bd3 b6 7. O-O Bb7 8. b3 c5 9. cxd5 exd5 10. Bb2 Nbd7 11. Rc1 Rc8 12. Qe2 Ne4 13. Rfd1 f5 14. dxc5 bxc5 15. Nxe4 fxe4 16. Bxe4 dxe4 17. Ne5 Bc6 18. Nxc6 Rxc6 19. Qg4 Nf6 20. Bxf6 Rcxf6 21. Rxd8 Bxd8 22. Rc2 Ba5 23. Qxe4 Bb4 24. g3 Rd6 25. Kg2 Rfd8 26. h4 h6 27. a3 Bxa3 28. Ra2 Bb4 29. Rxa7 Rd2 30. Qe5 1-0

[Event "3rd Memorial Warakomska 2019"]
[Site "Suwalki"]
[Date "2019.08.10"]
[Round "7.41"]
[White "Kokoszczynski, Jan"]
[Black "Oborski, Artur"]
[Result "1-0"]
[ECO "E12"]
[WhiteElo "2238"]
[BlackElo "1969"]
[Annotator "NA"]
[PlyCount "89"]
[EventDate "2019.08.05"]
[EventType "swiss"]
[EventCountry "POL"]
[SourceTitle "playchess.com"]
[Source "ChessBase"]
[SourceQuality "1"]
[TimeControl "40/5400+30:1800+30"]

1. d4 Nf6 2. c4 e6 3. Nf3 b6 4. a3 Bb7 5. Nc3 d5 6. cxd5 Nxd5 7. Qc2 Nxc3 8. bxc3 Be7 9. e4 O-O 10. Bd3 c5 11. O-O cxd4 12. cxd4 Qc8 13. Qe2 Ba6 14. Bb2 Bxd3 15. Qxd3 Qa6 16. Rad1 Qxd3 17. Rxd3 Nd7 18. Rc1 Rfc8 19. Rdc3 Rxc3 20. Rxc3 Kf8 21. Kf1 Nf6 22. Nd2 b5 23. Rc7 Ke8 24. Ke2 Kd8 25. Rc1 Rc8 26. Rb1 a5 27. Kd3 a4 28. Bc3 Rb8 29. Bb4 Bxb4 30. Rxb4 Kc7 31. Nb1 Kc6 32. Nc3 Rb6 33. Rb1 Ne8 34. Rc1 Kb7 35. e5 f5 36. d5 exd5 37. Nxd5 Rh6 38. h3 Rh4 39. f3 g5 40. Rc5 g4 41. hxg4 fxg4 42. f4 Rh2 43. Rc2 Rh1 44. f5 Rh5 45. Ke4 1-0

[Event "3rd Memorial Warakomska 2019"]
[Site "Suwalki"]
[Date "2019.08.10"]
[Round "7.42"]
[White "Lisowski, Krzysztof"]
[Black "Bai, Adelard"]
[Result "0-1"]
[ECO "C45"]
[WhiteElo "2187"]
[BlackElo "2113"]
[Annotator "NA"]
[PlyCount "50"]
[EventDate "2019.08.05"]
[EventType "swiss"]
[EventCountry "POL"]
[SourceTitle "playchess.com"]
[Source "ChessBase"]
[SourceQuality "1"]
[TimeControl "40/5400+30:1800+30"]

1. e4 e5 2. Nf3 Nc6 3. d4 exd4 4. Nxd4 Nf6 5. Nxc6 bxc6 6. e5 Qe7 7. Qe2 Nd5 8. h4 Qe6 9. Nd2 d6 10. exd6 cxd6 11. a3 Be7 12. Nf3 O-O 13. Ng5 Qxe2+ 14. Bxe2 Re8 15. c4 Nb6 16. Be3 Bf6 17. O-O-O d5 18. Rhe1 h6 19. Bxb6 axb6 20. Nf3 dxc4 21. Bxc4 Bg4 22. Rd3 Rxe1+ 23. Nxe1 Be2 24. Rd8+ Rxd8 25. Bxe2 Re8 0-1

[Event "3rd Memorial Warakomska 2019"]
[Site "Suwalki"]
[Date "2019.08.10"]
[Round "7.43"]
[White "Lis, Mateusz"]
[Black "Balinski, Damian"]
[Result "1-0"]
[ECO "B07"]
[WhiteElo "2007"]
[BlackElo "2176"]
[Annotator "NA"]
[PlyCount "89"]
[EventDate "2019.08.05"]
[EventType "swiss"]
[EventCountry "POL"]
[SourceTitle "playchess.com"]
[Source "ChessBase"]
[SourceQuality "1"]
[TimeControl "40/5400+30:1800+30"]

1. e4 d6 2. d4 Nf6 3. Nc3 g6 4. f3 c6 5. Be3 b5 6. Bd3 Nbd7 7. Nge2 b4 8. Na4 e5 9. c3 bxc3 10. Naxc3 Bg7 11. Qa4 Bb7 12. O-O O-O 13. Rfd1 exd4 14. Nxd4 Nc5 15. Qa3 Ne8 16. Bf1 Qe7 17. Re1 Nc7 18. Rad1 Rfd8 19. Bf2 N7e6 20. Nxe6 Nxe6 21. e5 Bf8 22. exd6 Rxd6 23. Bc5 Rxd1 24. Bxe7 Rxe1 25. Bxf8 Nxf8 26. Ne4 Rxe4 27. fxe4 Bc8 28. Ba6 Bxa6 29. Qxa6 c5 30. h3 Ne6 31. Qb7 Rd8 32. Qxa7 Kg7 33. a4 Rd1+ 34. Kh2 Rb1 35. Qb8 Ra1 36. Qb5 Kf6 37. a5 Ke7 38. a6 Kd8 39. a7 Nc7 40. Qxc5 Kc8 41. Qb6 Ra2 42. b4 h5 43. b5 Rb2 44. Qb8+ Kd7 45. b6 1-0

[Event "3rd Memorial Warakomska 2019"]
[Site "Suwalki"]
[Date "2019.08.10"]
[Round "7.44"]
[White "Wolanski, Michal"]
[Black "Leskiewicz, Ignacy"]
[Result "0-1"]
[ECO "A25"]
[WhiteElo "2007"]
[BlackElo "2120"]
[Annotator "NA"]
[PlyCount "66"]
[EventDate "2019.08.05"]
[EventType "swiss"]
[EventCountry "POL"]
[SourceTitle "playchess.com"]
[Source "ChessBase"]
[SourceQuality "1"]
[TimeControl "40/5400+30:1800+30"]

1. c4 e5 2. g3 Nc6 3. Bg2 g6 4. Nc3 Bg7 5. e3 Nge7 6. Nge2 O-O 7. O-O d6 8. d4 Kh8 9. d5 Nb8 10. e4 Nd7 11. Be3 a5 12. Qc2 b6 13. a3 h6 14. Nb5 f5 15. f3 Nf6 16. b4 g5 17. c5 g4 18. cxd6 cxd6 19. Qc7 Ba6 20. Qxd8 Rfxd8 21. Nec3 gxf3 22. Rxf3 fxe4 23. Rxf6 Bxf6 24. Bxb6 Rdb8 25. bxa5 Bxb5 26. Nxb5 Nxd5 27. Bxe4 Nxb6 28. axb6 Ra4 29. Nxd6 Rxb6 30. Bc2 Rd4 31. Ne4 Be7 32. a4 Rb2 33. Rc1 Rc4 0-1

[Event "3rd Memorial Warakomska 2019"]
[Site "Suwalki"]
[Date "2019.08.10"]
[Round "7.45"]
[White "Bommini Mounika Akshaya"]
[Black "Praczukowski, Stanislaw"]
[Result "0-1"]
[ECO "A45"]
[WhiteElo "2063"]
[BlackElo "2166"]
[Annotator "NA"]
[PlyCount "96"]
[EventDate "2019.08.05"]
[EventType "swiss"]
[EventCountry "POL"]
[SourceTitle "playchess.com"]
[Source "ChessBase"]
[SourceQuality "1"]
[TimeControl "40/5400+30:1800+30"]

1. d4 Nf6 2. Bf4 g6 3. e3 Bg7 4. Nf3 d6 5. Be2 O-O 6. O-O Nc6 7. c4 e5 8. dxe5 Ne4 9. Qc2 dxe5 10. Nxe5 Bxe5 11. Bxe5 Bf5 12. g4 Nxe5 13. gxf5 Qg5+ 14. Kh1 Qxf5 15. Kg2 Qg5+ 16. Kh1 Qh4 17. Nc3 Nxf2+ 18. Kg1 Nfg4 19. Bxg4 Qxg4+ 20. Kh1 Qxc4 21. Rf4 Qc6+ 22. Kg1 Rad8 23. e4 Qc5+ 24. Kh1 c6 25. Qe2 Rd3 26. Re1 Rfd8 27. Rf2 Qe7 28. Ref1 Qh4 29. Rf4 Qh3 30. R1f2 b5 31. a3 a5 32. Nb1 R8d7 33. Rf1 Nc4 34. e5 Rd2 35. Nxd2 Rxd2 36. R1f3 Qh6 37. Qxd2 Nxd2 38. Rf2 Nc4 39. Rxf7 Nxe5 40. Ra7 Qc1+ 41. Kg2 Qg5+ 42. Kf1 a4 43. Re2 Qf4+ 44. Rf2 Nf3 45. Ke2 Qe4+ 46. Kf1 Qd3+ 47. Kg2 Nh4+ 48. Kg1 Qd1+ 0-1

[Event "3rd Memorial Warakomska 2019"]
[Site "Suwalki"]
[Date "2019.08.10"]
[Round "7.46"]
[White "Checiak, Krzysztof"]
[Black "Czarniecka, Aleksandra"]
[Result "0-1"]
[ECO "A48"]
[WhiteElo "2057"]
[BlackElo "2042"]
[Annotator "NA"]
[PlyCount "128"]
[EventDate "2019.08.05"]
[EventType "swiss"]
[EventCountry "POL"]
[SourceTitle "playchess.com"]
[Source "ChessBase"]
[SourceQuality "1"]
[TimeControl "40/5400+30:1800+30"]

1. d4 Nf6 2. Nf3 g6 3. Nbd2 Bg7 4. e4 d6 5. Bd3 O-O 6. h3 Nbd7 7. Nf1 c5 8. c3 c4 9. Bb1 b5 10. a4 Qa5 11. Bd2 Bb7 12. Ng3 a6 13. Bc2 Qb6 14. O-O e5 15. a5 Qc7 16. d5 Nc5 17. Qe2 Bc8 18. Be3 Ne8 19. Nd2 f5 20. f4 fxe4 21. fxe5 Rxf1+ 22. Rxf1 Bxe5 23. Ngxe4 Nxe4 24. Nxe4 Bf5 25. Ng5 Ng7 26. g4 Bxc2 27. Qxc2 Qe7 28. Qf2 Rf8 29. Qxf8+ Qxf8 30. Rxf8+ Kxf8 31. Nxh7+ Ke7 32. Kf2 Ne8 33. Kf3 b4 34. Bg5+ Kf7 35. Bd2 Nc7 36. Ke4 Nb5 37. Ng5+ Ke7 38. Nf3 bxc3 39. bxc3 Nxc3+ 40. Bxc3 Bxc3 41. h4 Bxa5 42. Kd4 c3 43. Kd3 Kf6 44. Nd4 Bb4 45. g5+ Kf7 46. Ne2 c2 47. Kxc2 Be1 48. Nd4 Bxh4 49. Nf3 Bf2 50. Kd3 Ke7 51. Kc4 Kd7 52. Kb4 Kc7 53. Ka4 Be3 54. Ka5 Kb7 55. Kb4 Kb6 56. Kc4 Ka5 57. Nh4 Bxg5 58. Nxg6 Ka4 59. Nf8 a5 60. Nd7 Ka3 61. Nb6 Be3 62. Na8 a4 63. Kb5 Kb3 64. Kc6 Bc5 0-1

[Event "3rd Memorial Warakomska 2019"]
[Site "Suwalki"]
[Date "2019.08.10"]
[Round "7.48"]
[White "Bachor, Tomasz"]
[Black "Nowak, Lukasz"]
[Result "0-1"]
[ECO "E49"]
[WhiteElo "2022"]
[BlackElo "2264"]
[Annotator "NA"]
[PlyCount "108"]
[EventDate "2019.08.05"]
[EventType "swiss"]
[EventCountry "POL"]
[SourceTitle "playchess.com"]
[Source "ChessBase"]
[SourceQuality "1"]
[TimeControl "40/5400+30:1800+30"]

1. d4 Nf6 2. c4 e6 3. Nc3 Bb4 4. e3 O-O 5. Bd3 d5 6. a3 Bxc3+ 7. bxc3 dxc4 8. Bxc4 c5 9. Nf3 Qc7 10. Ba2 b5 11. O-O Bb7 12. Re1 Nbd7 13. Bb2 Nb6 14. Bb3 Rfd8 15. Ne5 Rab8 16. f3 Nc4 17. Bxc4 bxc4 18. Qc2 Ba6 19. Qa4 Rd6 20. Rab1 Rdb6 21. Qc2 cxd4 22. cxd4 Qb7 23. Nxc4 Bxc4 24. Qxc4 Rxb2 25. Rxb2 Qxb2 26. Qc7 a6 27. Rc1 h5 28. Rc2 Qb6 29. Qxb6 Rxb6 30. Rc8+ Kh7 31. Ra8 Nd5 32. e4 Nf4 33. Kf2 g5 34. g3 Rb2+ 35. Kf1 Ng2 36. Rxa6 Ne3+ 37. Ke1 Rxh2 38. d5 exd5 39. exd5 Nc2+ 40. Kd1 Nd4 41. a4 Nxf3 42. Rf6 g4 43. d6 Kg7 44. Rf5 Rd2+ 45. Kc1 Rxd6 46. Rxh5 Ra6 47. a5 f6 48. Rb5 Ne5 49. Kc2 Nc6 50. Rb6 Rxb6 51. axb6 f5 52. Kd3 Kf6 53. Kc4 Ke5 54. Kc5 Nd8 {[%emt 0:00:36] Kd4+} 0-1

[Event "3rd Memorial Warakomska 2019"]
[Site "Suwalki"]
[Date "2019.08.11"]
[Round "8.2"]
[White "Markowski, Tomasz"]
[Black "Malakhatko, Vadim"]
[Result "1/2-1/2"]
[ECO "A15"]
[WhiteElo "2537"]
[BlackElo "2462"]
[Annotator "ChessBase"]
[PlyCount "47"]
[EventDate "2019.08.05"]
[EventType "swiss"]
[EventCountry "POL"]
[SourceTitle "playchess.com"]
[Source "ChessBase"]
[SourceQuality "1"]
[TimeControl "40/5400+30:1800+30"]

1. c4 Nf6 2. g3 c6 3. Nf3 d5 4. Bg2 g6 5. b3 Bg7 6. Bb2 Bg4 7. O-O O-O 8. d3 Bxf3 9. Bxf3 e6 10. Nd2 Ne8 11. d4 Nd6 12. Qc2 Nd7 13. e3 Re8 14. Rac1 a5 15. a4 h5 16. Rfd1 Nf6 17. Bg2 h4 18. Nf3 Nf5 19. Ne5 hxg3 20. hxg3 Nd7 21. Nf3 Nf6 22. Ne5 Nd7 23. Nf3 Nf6 24. Ne5 1/2-1/2

[Event "3rd Memorial Warakomska 2019"]
[Site "Suwalki"]
[Date "2019.08.11"]
[Round "8.3"]
[White "Zakhartsov, Vladimir"]
[Black "Sadzikowski, Daniel"]
[Result "1-0"]
[ECO "E51"]
[WhiteElo "2493"]
[BlackElo "2503"]
[Annotator "ChessBase"]
[PlyCount "141"]
[EventDate "2019.08.05"]
[EventType "swiss"]
[EventCountry "POL"]
[SourceTitle "playchess.com"]
[Source "ChessBase"]
[SourceQuality "1"]
[TimeControl "40/5400+30:1800+30"]

1. d4 Nf6 2. c4 e6 3. Nc3 Bb4 4. e3 O-O 5. Nf3 d5 6. Bd2 b6 7. cxd5 exd5 8. Bd3 Be7 9. O-O Bb7 10. Rc1 c5 11. Ne5 Nc6 12. Be1 g6 13. f4 cxd4 14. Nxc6 Bxc6 15. Ne2 Bd7 16. Nxd4 Ne4 17. Bxe4 dxe4 18. Qc2 Re8 19. f5 Bf6 20. Qb3 g5 21. Rd1 a5 22. Nb5 Qe7 23. Nd6 Red8 24. Bg3 b5 25. Qc2 Kg7 26. Rd5 Be8 27. Rfd1 h5 28. h3 h4 29. Bh2 a4 30. Rc5 Ra7 31. Rcd5 Raa8 32. Rc1 Ra6 33. Nc8 Qb4 34. Rxd8 Bxd8 35. a3 Qc4 36. Nd6 Qxc2 37. Nxe8+ Kf8 38. Rxc2 Kxe8 39. Rc5 Rb6 40. Be5 b4 41. axb4 Rxb4 42. Bc3 Rb3 43. Rc4 a3 44. bxa3 Rxa3 45. Rxe4+ Kd7 46. Rd4+ Ke8 47. Rc4 Ra2 48. Bd4 Kd7 49. Rb4 Kc6 50. Rb8 Be7 51. Rb6+ Kd5 52. Rb7 Bd6 53. Rxf7 Bg3 54. Ra7 Bf2+ 55. Kf1 Rc2 56. Ra1 Ke4 57. f6 Bg3 58. Kg1 Bf2+ 59. Kh1 Rc8 60. f7 Rf8 61. Ra7 Rb8 62. Re7+ Kd3 63. g4 hxg3 64. Kg2 Ke2 65. Rb7 Rxb7 66. f8=Q Rb1 67. Qf3+ Kd2 68. Qa8 Rg1+ 69. Kf3 Be1 70. Qa2+ Kd1 71. Ke4 1-0

[Event "3rd Memorial Warakomska 2019"]
[Site "Suwalki"]
[Date "2019.08.11"]
[Round "8.5"]
[White "Stupak, Kirill"]
[Black "Caspi, Israel"]
[Result "1/2-1/2"]
[ECO "A80"]
[WhiteElo "2560"]
[BlackElo "2458"]
[Annotator "ChessBase"]
[PlyCount "96"]
[EventDate "2019.08.05"]
[EventType "swiss"]
[EventCountry "POL"]
[SourceTitle "playchess.com"]
[Source "ChessBase"]
[SourceQuality "1"]
[TimeControl "40/5400+30:1800+30"]

1. d4 f5 2. Nc3 Nf6 3. Bg5 d5 4. Bxf6 exf6 5. e3 Be6 6. Qf3 Qd7 7. Bd3 Nc6 8. a3 O-O-O 9. Nge2 g6 10. h3 h5 11. Nf4 Bf7 12. Bb5 Kb8 13. Ba4 h4 14. Nd3 Qd6 15. Qe2 Re8 16. O-O-O Qe6 17. Nf4 Qd6 18. Nd3 Qe6 19. Nc5 Bxc5 20. dxc5 d4 21. Bxc6 Qxc6 22. Rxd4 Qxg2 23. Rhd1 Qc6 24. Qb5 Qxb5 25. Nxb5 Be6 26. Rg1 g5 27. Kd2 Rd8 28. Ke2 a6 29. Rxd8+ Rxd8 30. Nd4 Bc4+ 31. Kd2 Be6 32. Ke2 Bc8 33. c3 Re8 34. Kd2 Bd7 35. b4 Kc8 36. a4 Kd8 37. b5 axb5 38. axb5 Ke7 39. f4 Rg8 40. c6 bxc6 41. bxc6 Be6 42. Nf3 Bd5 43. Ke2 Bc4+ 44. Ke1 Ra8 45. Nd4 Ra1+ 46. Kf2 Ra2+ 47. Ke1 Ra1+ 48. Kf2 Ra2+ 1/2-1/2

[Event "3rd Memorial Warakomska 2019"]
[Site "Suwalki"]
[Date "2019.08.11"]
[Round "8.6"]
[White "Cukrowski, Filip"]
[Black "Nasuta, Grzegorz"]
[Result "0-1"]
[ECO "C01"]
[WhiteElo "2421"]
[BlackElo "2529"]
[Annotator "ChessBase"]
[PlyCount "62"]
[EventDate "2019.08.05"]
[EventType "swiss"]
[EventCountry "POL"]
[SourceTitle "playchess.com"]
[Source "ChessBase"]
[SourceQuality "1"]
[TimeControl "40/5400+30:1800+30"]

1. e4 e6 2. d4 d5 3. exd5 exd5 4. Bd3 Nc6 5. Ne2 Nf6 6. Bg5 Be6 7. c3 h6 8. Bh4 Be7 9. Nd2 Qd7 10. Qc2 g5 11. Bg3 Nh5 12. O-O-O f5 13. h4 O-O-O 14. hxg5 hxg5 15. f4 Bd6 16. Bh2 gxf4 17. Rhf1 Ng3 18. Bxg3 fxg3 19. Nf4 Bxf4 20. Rxf4 Qd6 21. Rdf1 Ne7 22. Nb3 Kb8 23. R4f3 Bc8 24. Qd2 Rh2 25. Re1 Ng6 26. Qg5 Nh4 27. Rfe3 Nxg2 28. Re8 Nxe1 29. Rxd8 Nxd3+ 30. Kb1 Rh1+ 31. Kc2 Ne1+ 0-1